 Dungeon Crawl Stone Soup version 0.28.0-53-g5a82cb258f (webtiles) character file.

Game seed: 13601045769691078869

22500 Infinimo the Basher (level 13, -1/146 HPs)
             Began as an Ogre Gladiator on May 30, 2022.
             Was a High Priest of Okawaru.
             Slain by a dire elephant simulacrum (5 damage)
             ... in an ice cave.
             The game lasted 00:25:51 (27383 turns).

Infinimo the Basher (Ogre Gladiator)               Turns: 27383, Time: 00:25:52

Health: -1/146     AC:  6    Str: 31    XL:     13   Next: 0%
Magic:  13/13      EV: 13    Int:  9    God:    Okawaru [*****.]
Gold:   982        SH:  0    Dex: 10    Spells: 12/12 levels left

rFire   + . .      SeeInvis .   e - +3 dire flail
rCold   + . .      Faith    +   (shield currently unavailable)
rNeg    . . .      Spirit   .   y - +2 robe {rC+ rF+}
rPois   +          Reflect  .   s - +1 hat of Moral Flaws {rPois}
rElec   .          Harm     .   (no cloak)
rCorr   .          Rampage  .   (gloves unavailable)
Will    ++...                   (boots unavailable)
Stlth   +.........              j - amulet of faith
HPRegen 0.34/turn               t - ring of willpower
MPRegen 0.13/turn               i - +6 ring of strength

@: mighty, invisible
A: large, unfitting armour, tough skin 1
a: Renounce Religion, Heroism, Finesse, Duel


You were in an ice cave.
You worshipped Okawaru.
Okawaru was extremely pleased with you.
You visited 3 branches of the dungeon, and saw 14 of its levels.
You also visited: Ice Cave.

You collected 982 gold pieces.

Inventory:

Hand Weapons
 e - a +3 dire flail (weapon)
 l - a +2 giant spiked club
Missiles
 a - 12 curare-tipped darts
 d - 5 throwing nets (quivered)
 g - 40 poisoned darts
Armour
 s - the +1 hat of Moral Flaws (worn) {rPois}
   (Okawaru gifted it to you on level 10 of the Dungeon)

   rPois:     It protects you from poison.
 y - a +2 robe of resistance (worn)
Jewellery
 i - a +6 ring of strength (right hand)
 j - an amulet of faith (around neck)
 t - a ring of willpower (left hand)
Wands
 m - a wand of polymorph (6)
 n - a wand of flame (41)
 q - a wand of acid (7)
 u - a wand of iceblast (8)
 A - a wand of paralysis (6)
Scrolls
 b - 3 scrolls of teleportation
 c - 2 scrolls of holy word
 o - a scroll of fog
 x - a scroll of enchant weapon
 z - a scroll of identify
Potions
 k - a potion of attraction
 p - a potion of brilliance
 r - 4 potions of curing
 v - a potion of mutation {unknown}
 w - 2 potions of invisibility


   Skills:
 + Level 14.0 Fighting
 * Level 14.1 Maces & Flails
 - Level 2.0 Throwing
 + Level 10.3 Dodging


You had 12 spell levels left.
You didn't know any spells.
Your spell library contained the following spells:

 Spells                   Type           Power      Damage    Failure   Level
 Beastly Appendage        Tmut           0%         N/A       38%         1
 Sandblast                Erth           0%         2d4       38%         1
 Ensorcelled Hibernation  Hex/Ice        0%         N/A       52%         2
 Passwall                 Tmut/Erth      0%         N/A       52%         2
 Static Discharge         Conj/Air       0%         N/A       52%         2
 Sublimation of Blood     Necr           0%         N/A       52%         2
 Wereblood                Tmut           0%         N/A       52%         2
 Ignite Poison            Fire/Tmut/Pois 0%         N/A       77%         3
 Mephitic Cloud           Conj/Pois/Air  0%         N/A       77%         3
 Spider Form              Tmut/Pois      0%         N/A       77%         3
 Stone Arrow              Conj/Erth      0%         3d7       77%         3
 Swiftness                Air            0%         N/A       77%         3
 Anguish                  Hex/Necr       0%         N/A       99%         4
 Flame Wave               Conj/Fire      0%         2d4       99%         4
 Leda's Liquefaction      Hex/Erth       0%         N/A       99%         4
 Petrify                  Tmut/Erth      0%         N/A       99%         4
 Freezing Cloud           Conj/Ice/Air   0%         6-21      100%        5
 Irradiate                Conj/Tmut      0%         3d13      100%        5
 Lightning Bolt           Conj/Air       0%         1d11      100%        5
 Iron Shot                Conj/Erth      0%         9d1       100%        6
 Enfeeble                 Hex            0%         N/A       100%        7
 Storm Form               Tmut/Air       0%         N/A       100%        7
 Maxwell's Capacitive Co  Air            0%         ∞         100%        8
 Tukima's Dance           Hex            Unusable   N/A       N/A         3
 Summon Lightning Spire   Summ/Air       Unusable   N/A       N/A         4

Dungeon Overview and Level Annotations

Branches:
Dungeon (11/15)            Temple (1/1) D:6            Lair (2/6) D:11
    Orc (0/2) D:10          IceCv (1/1)
  Swamp: Lair:2-4    Shoals: Lair:2-4     Snake: Lair:2-4    Spider: Lair:2-4

Altars:
Ashenzari
Cheibriados
Dithmenos
Elyvilon
Fedhas
Gozag
Hepliaklqana
Kikubaaqudgha
Makhleb
Nemelex Xobeh
Okawaru
Qazlal
Ru
Sif Muna
Trog
Uskayaw
Vehumet
Wu Jian
Xom
Yredelemnul
Zin
The Shining One

Annotations:
D:7 3 runed translucent doors, blade888's ghost, novice DDEE


Innate Abilities, Weirdness & Mutations

You are too large for most types of armour.
You have tough skin. (AC +1)


Message History

The reaper is moderately wounded.
The reaper misses you.
You closely miss the reaper.
The reaper is moderately wounded.
You barely miss the reaper.
The reaper is moderately wounded.
The reaper completely misses you.
You barely miss the reaper.
The reaper is moderately wounded.
The reaper hits you with a +3 scythe of freezing!!!
The reaper freezes you!
You barely miss the reaper.
The reaper is moderately wounded.
You sock the reaper!
The reaper is heavily wounded.
The reaper hits you with a +3 scythe of freezing!!!
* * * LOW HITPOINT WARNING * * *
You bludgeon the reaper!!
The reaper is severely wounded.
You hit the reaper but do no damage.
The reaper is severely wounded.
The reaper hits you with a +3 scythe of freezing!
* * * LOW HITPOINT WARNING * * *
The reaper freezes you.
* * * LOW HITPOINT WARNING * * *
The dire elephant simulacrum closely misses you.
The dire elephant simulacrum barely misses you.
Unknown command.
You bludgeon the reaper!!
You kill the reaper!
Okawaru is honoured by your kill.
Your Fighting skill increases to level 14!
You have reached level 13!
Unknown command.
You catch the helpless dire elephant simulacrum completely off-guard!
You impale the dire elephant simulacrum!!
The dire elephant simulacrum is heavily damaged.
The dire elephant simulacrum closely misses you.
The dire elephant simulacrum trunk-slaps you.
You die...

....#...# #....#..#
..####...#...# ##.# ##4.#
.............# #..###...#
..........#..###...##..##
#.#2.##..#≈#....4..#
#.##.#...≈≈...#...##
##..#....#≈≈#..#..##
#...##).##≈##..####
#....@Z.####..##
#......## ##...# ##.....#
#...## ##...## ##..##
###..###....##
##≈≈##.....## ####
#≈≈##.......#
##..#######≈≈###4.....#
##....##..##≈..#.......#


You could see a dire elephant simulacrum.

Vanquished Creatures
  A reaper (IceCv)
  A boulder beetle (D:11)
  A two-headed ogre (D:10)
  Erica (D:8)
  A cyclops (D:7)
  A manticore (D:11)
  A gargoyle (D:10)
  3 cane toads (Lair:1)
  2 ice statues (IceCv)
  3 rime drakes
  A freezing wraith (D:10)
  2 komodo dragons (Lair:1)
  2 entropy weaver simulacra (IceCv)
  3 kobold demonologists (D:10)
  5 ice devils (IceCv)
  4 trolls
  2 shadows
  A water elemental (D:10)
  Eustachio (D:5)
  2 wraiths
  27 yaks
  A wyvern (D:7)
  A steam dragon (D:7)
  4 vampire mosquitoes (D:11)
  A harpy simulacrum (IceCv)
  7 water moccasins
  9 orc warriors
  A sky beast (D:7)
  A black bear (D:6)
  An ice beast (D:7)
  2 ogres (D:5)
  4 centaurs
  2 wolves (D:10)
  6 kobold brigands
  10 bullfrogs
  A cane toad simulacrum (IceCv)
  A gnoll sergeant (D:6)
  4 scorpions
  4 two-headed ogre simulacra (IceCv)
  A water moccasin zombie (D:7)
  5 wights
  10 killer bees
  2 electric eels (D:11)
  5 howler monkeys
  4 centaur zombies
  9 hounds
  A centaur skeleton (D:7)
  8 orc priests
  A gnoll shaman (D:9)
  2 iguanas
  A scorpion zombie (D:5)
  14 orc wizards
  3 polar bear simulacra (IceCv)
  2 spriggan simulacra (IceCv)
  A troll simulacrum (IceCv)
  A wolf simulacrum (IceCv)
  A hound skeleton (D:4)
  7 gnolls
  A howler monkey skeleton (D:7)
  5 adders
  2 naga simulacra (IceCv)
  4 white imps
  An ufetubus (D:4)
  A worm (D:4)
  An adder skeleton (D:4)
  48 orcs
  7 bats
  7 endoplasms
  6 giant cockroaches
  5 goblins
  8 hobgoblins
  7 jackals
  3 quokkas
  8 ball pythons
  4 frilled lizards
  20 kobolds
  4 rats
345 creatures vanquished.

Vanquished Creatures (others)
  An orc wizard (D:10)
  9 fungi
  6 plants
16 creatures vanquished.

Grand Total: 361 creatures vanquished

Notes
Turn   | Place    | Note
-------+----------+-------------------------------------------
     0 | D:1      | Infinimo the Ogre Gladiator began the quest for the Orb.
     0 | D:1      | Reached XP level 1. HP: 22/22 MP: 1/1
   169 | D:1      | Reached XP level 2. HP: 16/29 MP: 2/2
  1230 | D:2      | Reached XP level 3. HP: 37/37 MP: 3/3
  2000 | D:2      | Found a faded altar of an unknown god.
  2816 | D:3      | Found a radiant altar of Vehumet.
  2890 | D:3      | Reached XP level 4. HP: 46/46 MP: 4/4
  3522 | D:3      | Reached XP level 5. HP: 44/54 MP: 5/5
  3981 | D:4      | Reached XP level 6. HP: 63/63 MP: 6/6
  4304 | D:4      | Reached skill level 5 in Fighting
  4304 | D:4      | Reached skill level 5 in Maces & Flails
  5058 | D:5      | Entered Level 5 of the Dungeon
  5168 | D:5      | Got the Grimoire of Heat and Clay
  5185 | D:5      | Reached XP level 7. HP: 68/72 MP: 7/7
  6449 | D:5      | Noticed Eustachio
  6467 | D:5      | Killed Eustachio
  6468 | D:5      | Reached XP level 8. HP: 76/84 MP: 8/8
  6882 | D:5      | Reached skill level 5 in Dodging
  7195 | D:6      | Found a staircase to the Ecumenical Temple.
  7273 | Temple   | Entered the Ecumenical Temple
  7522 | Temple   | Became a worshipper of Warmaster Okawaru
  8504 | D:7      | Noticed a cyclops
  8827 | D:6      | HP: 3/87 [gnoll sergeant/stone (5)]
  9828 | D:7      | Killed a cyclops
  9828 | D:7      | Reached * piety under Okawaru
  9829 | D:7      | Reached XP level 9. HP: 96/96 MP: 9/9
 10480 | D:7      | Found a blossoming altar of Fedhas.
 10480 | D:7      | Found a stormy altar of Qazlal.
 10509 | D:7      | Found a runed translucent gate.
 10510 | D:7      | Found a runed translucent gate.
 10511 | D:7      | Found a runed translucent gate.
 10512 | D:7      | Noticed blade888's ghost (novice DDEE)
 10678 | D:7      | Reached ** piety under Okawaru
 12864 | D:8      | Noticed Erica
 13377 | D:7      | Reached XP level 10. HP: 72/107 MP: 10/10
 13671 | D:8      | Killed Erica
 14022 | D:8      | Found a sacrificial altar of Ru.
 14022 | D:8      | Found a glowing golden altar of the Shining One.
 14057 | D:8      | Reached *** piety under Okawaru
 14893 | D:8      | Reached skill level 10 in Maces & Flails
 15243 | D:9      | Reached skill level 10 in Fighting
 15969 | D:9      | Identified the +0 ring mail of Beogh's Favour {rPois Int+3}
 16975 | D:10     | Entered Level 10 of the Dungeon
 17257 | D:10     | Reached **** piety under Okawaru
 18062 | D:10     | Found a staircase to the Orcish Mines.
 18195 | D:10     | Found a basalt altar of Yredelemnul.
 18334 | D:10     | Reached XP level 11. HP: 109/120 MP: 11/11
 19313 | D:10     | Received a gift from Okawaru
 20481 | D:11     | Noticed a two-headed ogre
 20485 | D:10     | Reached ***** piety under Okawaru
 20497 | D:10     | HP: 3/123 [freezing wraith (7)]
 20500 | D:10     | Identified the +1 hat of Moral Flaws {rPois} (Okawaru
                  | gifted it to you on level 10 of the Dungeon)
 20500 | D:10     | Received a gift from Okawaru
 21047 | D:11     | Noticed a manticore
 21300 | D:10     | Killed a two-headed ogre
 21315 | D:11     | Killed a manticore
 22761 | D:11     | Found a staircase to the Lair.
 23041 | D:11     | Reached XP level 12. HP: 110/133 MP: 12/12
 23180 | D:11     | Found a shimmering altar of Xom.
 23540 | D:11     | Received a gift from Okawaru
 23762 | D:11     | Noticed a boulder beetle
 23786 | D:11     | Killed a boulder beetle
 24092 | Lair:1   | Entered Level 1 of the Lair of Beasts
 25059 | Lair:1   | Identified the -4 hat of Pessimism {-Tele rN+ Int+4}
                  | (Okawaru gifted it to you on level 1 of the Lair of Beasts)
 25059 | Lair:1   | Received a gift from Okawaru
 25415 | Lair:1   | Identified the +9 quarterstaff of Painful Death {spect,
                  | Will++ SInv}
 25771 | Lair:2   | Found a frozen archway.
 25914 | IceCv    | Entered an ice cave
 25959 | IceCv    | Reached skill level 10 in Dodging
 27364 | IceCv    | Noticed a reaper
 27381 | IceCv    | HP: 4/137 [reaper/+3 scythe of freezing (13)]
 27382 | IceCv    | Killed a reaper
 27383 | IceCv    | Reached XP level 13. HP: 4/146 MP: 13/13
 27383 | IceCv    | Slain by a dire elephant simulacrum

Illustrated notes

Levels and vault maps discovered:
D:1:      ncdulo_watergridlock, layout_loops_ring
D:2:      layout_loops_corners, dreamdust_ecumenical_altar_grove
D:3:      layout_basic, overflow_temple_1_default
D:4:      layout_rooms, interstate_on_off, minmay_crystal_room
D:5:      layout_basic, uniq_eustachio
D:6:      layout_loops_corners, minmay_temple_entry_drinking_statues
D:7:      hangedman_cross_stitches, layout_basic,
          grunt_temple_overflow_forces_of_nature, ebering_ghost_rock_garden
D:8:      layout_layer_cave, jmf_multi_god_temple, uniq_erica
D:9:      layout_long_grid, minmay_fractal_squares_diagonal_5
D:10:     layout_loops_corners, yredelemnul_altar_generic, david_orc_4
D:11:     layout_long_grid, erik_lair_island, tgw_xom
Temple:   eino_temple_scatter_basement
Lair:1:   layout_cave_pods
Lair:2:   layout_regular_city, portal_ice_cave_rime,
          infiniplex_staircase_pool_2, uniq_sonja
IceCv:    ice_cave_small_demon

Skill      XL: |  1  2  3  4  5  6  7  8  9 10 11 12 |
---------------+-------------------------------------+-----
Fighting       | 3 4 5 6 8 9 11 12 14 | 14.0
Maces & Flails | 3 4 5 6 8 9 11 12 14 | 14.1
Dodging        | 3 4 5 6 8 9 10 | 10.3
Throwing       | |  2.0

Action                   |  1- 3 |  4- 6 |  7- 9 | 10-12 | 13-15 || total
-------------------------+-------+-------+-------+-------+-------++-------
Melee: Flail             |   117 |   125 |    15 |       |       ||   257
       Punch             |     3 |     4 |       |       |       ||     7
       Morningstar       |       |       |    31 |       |       ||    31
       Dire flail        |       |       |   245 |   803 |     1 ||  1049
 Fire: Hunting sling     |    24 |    30 |       |       |       ||    54
Throw: Dart              |       |    25 |    44 |     7 |       ||    76
       Throwing net      |       |       |     1 |       |       ||     1
  Use: Scroll            |     5 |     2 |     6 |    10 |       ||    23
       Potion            |       |       |     7 |     6 |       ||    13
 Stab: Sleeping          |     1 |     1 |       |       |       ||     2
       Distracted        |     1 |       |     1 |       |       ||     2
       Invisible         |       |       |       |       |     1 ||     1
Armor: Robe              |    54 |    67 |    60 |   155 |       ||   336
       Skin              |       |       |     4 |       |       ||     4
Dodge: Dodged            |    67 |    92 |   166 |   402 |     1 ||   728
